 Dungeon Crawl Stone Soup version 0.29.1-1-gd02db6906a (webtiles) character file.

Game seed: 5633144798895608397

5951 Icepheonix32 the Cleaver (level 10, -4/80 (86) HPs)
             Began as a Minotaur Fighter on Oct 17, 2022.
             Was an Elder of Okawaru.
             Slain by a hellwing (8 damage)
             ... summoned by a kobold demonologist
             ... in a bailey.
             The game lasted 00:17:44 (8807 turns).

Icepheonix32 the Cleaver (Minotaur Fighter)         Turns: 8807, Time: 00:17:44

HP:   -4/80 (86)    AC: 12    Str: 21    XL:     10   Next: 54%
MP:   12/12         EV: 11    Int: 13    God:    Okawaru [****..]
Gold: 619           SH:  4    Dex:  8    Spells: 9/9 levels left

rFire   + . .      SeeInvis .   t - +5 hand axe of Light {spect, +Blink}
rCold   . . .      Faith    +   c - +0 buckler
rNeg    + . .      Spirit   .   r - +2 ring mail {rF+}
rPois   .          Reflect  .   (helmet restricted)
rElec   .          Harm     .   K - +0 cloak
rCorr   .          Rampage  .   (no gloves)
Will    +....                   g - +1 pair of boots
Stlth   +.........              k - amulet of faith
HPRegen 0.23/turn               m - ring "Tyzuvoko" {Fly rN+ Will+ Int+6 Dex-4}
MPRegen 0.13/turn               (no ring)

@: about to teleport, flying, studying Axes, drained
A: horns 2, retaliatory headbutt
a: Renounce Religion, Evoke Blink, Heroism, Finesse


You were in a bailey.
You worshipped Okawaru.
Okawaru was greatly pleased with you.
You visited 2 branches of the dungeon, and saw 10 of its levels.
You also visited: Bailey.

You collected 619 gold pieces.

Inventory:

Hand Weapons
 p - the +4 flail "Hellblazer" {vorpal, rC++}
   (You found it on level 3 of the Dungeon)

   It inflicts extra damage upon your enemies.
   rC:        It greatly protects you from cold.
 t - the +5 hand axe of Light (weapon) {spect, +Blink}
   (You took it off a hobgoblin on level 3 of the Dungeon)

   When its wielder attacks, the weapon's spirit leaps out and strikes again.
   The spirit shares a part of any damage it takes with its wielder.
   +Blink:    It lets you blink.
 H - a +6 sling of freezing
 I - a +4 hand axe
Missiles
 h - 12 boomerangs (quivered)
 o - 13 poisoned darts
 s - 5 javelins
Armour
 a - the +0 robe of Untold Secrets {rElec rPois Str-4 Slay+5}
   (You found it on level 8 of the Dungeon)

   Str:       It affects your strength (-4).
   Slay:      It affects your accuracy & damage with ranged weapons and melee
   (+5).
   rElec:     It insulates you from electricity.
   rPois:     It protects you from poison.
 b - a +0 scale mail
 c - a +0 buckler (worn)
 g - a +1 pair of boots (worn)
 r - a +2 ring mail of fire resistance (worn)
 K - a +0 cloak (worn)
Jewellery
 k - an amulet of faith (around neck)
 m - the ring "Tyzuvoko" (left hand) {Fly rN+ Will+ Int+6 Dex-4}
   (You found it on level 2 of the Dungeon)

   [ring of flight]

   Int:       It affects your intelligence (+6).
   Dex:       It affects your dexterity (-4).
   rN:        It protects you from negative energy.
   Fly:       It grants you flight.
   Will:      It increases your willpower.
 v - a ring of fire
 y - an amulet of the acrobat
 F - an amulet of regeneration
Wands
 q - a wand of iceblast (5)
 J - a wand of mindburst (27)
Scrolls
 d - 3 scrolls of vulnerability
 e - 4 scrolls of blinking
 j - 4 scrolls of amnesia
 l - a scroll of fear
 z - a scroll of butterflies
Potions
 f - a potion of cancellation
 i - 2 potions of lignification
 n - 2 potions of flight
 u - 5 potions of curing
 w - a potion of might
 x - 2 potions of attraction {unknown}
 A - a potion of magic {unknown}
 E - a potion of heal wounds


   Skills:
 + Level 7.5 Fighting
 + Level 10.0 Axes
 - Level 0.4(6.2) Maces & Flails
 + Level 2.1 Ranged Weapons
 + Level 2.9 Throwing
 + Level 8.1 Armour
 + Level 4.1 Dodging
 + Level 2.7 Stealth
 + Level 5.3 Shields
 * Level 5.2 Invocations
 * Level 5.8 Evocations


You had 9 spell levels left.
You didn't know any spells.
Your spell library contained the following spells:

 Spells                   Type           Power      Damage    Failure   Level
 Shock                    Conj/Air       0%         1d3       52%         1
 Swiftness                Air            0%         N/A       88%         3
 Airstrike                Air            0%         2d(0-16)  99%         4


Dungeon Overview and Level Annotations

Branches:
Dungeon (9/15)             Temple (1/1) D:6          Bailey (1/1)
   Lair: D:8-11         Orc: D:9-12

Altars:
Ashenzari
Cheibriados
Dithmenos
Elyvilon
Fedhas
Gozag
Hepliaklqana
Kikubaaqudgha
Nemelex Xobeh
Okawaru
Qazlal
Ru
Sif Muna
Trog
Uskayaw
Vehumet
Wu Jian
Yredelemnul
Zin
The Shining One

Annotations:
D:7 2 transporters, Grum; Smersh616's ghost, journeyman OpVM
D:8 3 runed translucent doors, CougarLife's ghost, novice MfSu


Innate Abilities, Weirdness & Mutations

You have a pair of horns on your head.
You reflexively headbutt those who attack you in melee.


Message History

You barely miss the soul eater.
You hit the kobold demonologist but do no damage.
Your +5 hand axe of Light {spect, +Blink} hits the soul eater.
The white imp gestures at you.
The puff of frost hits you but does no damage.
The crimson imp blinks!
The kobold demonologist hits you but does no damage.
The soul eater hits you! You partially resist.
You feel drained.
Unknown command.
The soul eater attacks as you move away!
The soul eater hits you! You partially resist.
You feel drained.
The white imp lashes its tail.
The white imp gestures at you. The puff of frost hits you.
There is an open door here.
Unknown command.
You hit the kobold demonologist but do no damage.
The kobold demonologist is heavily wounded.
You completely miss the soul eater.
The kobold demonologist mumbles some strange words.
The soul eater hits you.
* * * LOW HITPOINT WARNING * * *
You partially resist.
You feel drained.
Unknown command.
The kobold demonologist attacks as you move away!
The kobold demonologist hits you with a +0 war axe.
* * * LOW HITPOINT WARNING * * *
The iron imp disappears in a puff of smoke!
The white imp disappears in a puff of smoke!
The kobold demonologist mumbles some strange words.
The white imp sputters.
Okay, then.
As you read the scroll of teleportation, it crumbles to dust.
You feel strangely unstable. The soul eater hits you!
* * * LOW HITPOINT WARNING * * *
You partially resist.
You feel drained.
* * * LOW HITPOINT WARNING * * *
The hellwing swoops through the air toward you!
The hellwing hits you!
You die...

#≈≈≈≈≈#....+)))..#.......#)...#≈
#≈≈≈≈≈#....#))).)'.8.8.8.#....#≈
#≈≈≈≈≈#.##############...######≈
#≈≈≈≈≈~)#[[+ .+....#......#.~≈
#≈≈≈≈≈~.#[[# #....#......#.~≈
#≈≈≈≈≈~.#..# #.5..#####''#.~≈
#≈≈≈≈≈~.#########....##.....#.~≈
#≈≈≈≈≈~.#..8.8..#5...##.....'...
#≈≈≈≈≈~∩......4@3K5..##..⌠..'...
#≈≈≈≈≈~.#..8.8..#5§..##...).'...
#≈≈≈≈≈~.#########....##.....#.~≈
#≈≈≈≈≈~.#..# #....#####++#.~≈
#≈≈≈≈≈).#))# #....#......#.~≈
#≈≈≈≈≈).#))+ :+....#......#.~≈
#≈≈≈≈≈#.##############...######≈
#≈≈≈≈≈#....#.....'.8.8.8.#....#≈
#≈≈≈≈≈#....))....#.).....#....#≈


You could see a soul eater (summoned), a hellwing (summoned), a kobold
demonologist, a crimson imp (summoned), a white imp (summoned) and an ufetubus
(summoned).

Vanquished Creatures
  An orc knight (Bailey)
  Joseph (D:8)
  Maurice (D:8)
  Maggie (D:7)
  A kobold demonologist (Bailey)
  A hornet (D:8)
  A wyvern (D:6)
  Sigmund (D:2)
  6 yaks (D:8)
  A water moccasin (D:8)
  9 orc warriors (Bailey)
  2 ice beasts
  A centaur (D:9)
  An ogre (D:5)
  A phantom (D:6)
  A kobold brigand (D:7)
  5 bullfrogs
  A necrophage (D:5)
  6 scorpions (D:6)
  4 electric eels (Bailey)
  3 howler monkeys
  A centaur zombie (D:8)
  An orc priest (D:6)
  A hound (D:5)
  2 jellies
  An iguana (D:6)
  An orc wizard (D:4)
  A howler monkey zombie (D:8)
  5 gnolls
  8 adders
  A shadow imp (D:5)
  3 white imps
  3 ufetubi
  A worm (D:2)
  2 dart slugs
  21 orcs
  9 endoplasms
  2 giant cockroaches (D:1)
  18 goblins
  12 hobgoblins
  A quokka (D:3)
  A ball python (D:4)
  11 bats
  12 frilled lizards
  12 kobolds
  3 rats
182 creatures vanquished.

Vanquished Creatures (others)
  11 fungi (D:6)
  15 plants
26 creatures vanquished.

Grand Total: 208 creatures vanquished

Notes
Turn   | Place    | Note
-------+----------+-------------------------------------------
     0 | D:1      | Icepheonix32 the Minotaur Fighter began the quest for the
                  | Orb.
     0 | D:1      | Reached XP level 1. HP: 19/19 MP: 0/0
   261 | D:1      | Found a faded altar of an unknown god.
   282 | D:1      | Reached XP level 2. HP: 19/27 MP: 1/1
   942 | D:2      | Reached XP level 3. HP: 34/34 MP: 2/2
  1109 | D:2      | Reached skill level 3 in Axes
  1186 | D:2      | Identified the ring "Tyzuvoko" {Fly rN+ Will+ Int+6 Dex-4}
  1422 | D:2      | Noticed Sigmund
  1433 | D:2      | Killed Sigmund
  1434 | D:2      | Reached skill level 5 in Fighting
  1434 | D:2      | Reached skill level 4 in Axes
  1434 | D:2      | Reached XP level 4. HP: 30/42 MP: 3/3
  1434 | D:2      | Reached XP level 5. HP: 34/48 MP: 4/4
  1745 | D:3      | Identified the +4 flail "Hellblazer" {vorpal, rC++}
  2658 | D:3      | Found a sacrificial altar of Ru.
  2732 | D:3      | Identified the +5 hand axe of Light {spect, +Blink}
  2894 | D:4      | Reached XP level 6. HP: 49/56 MP: 5/5
  3208 | D:4      | Reached skill level 1 in Evocations
  3447 | D:5      | Entered Level 5 of the Dungeon
  3447 | D:5      | Found a glowing golden altar of the Shining One.
  3473 | D:5      | Reached skill level 5 in Axes
  3473 | D:5      | Reached skill level 5 in Armour
  3473 | D:5      | Reached skill level 1 in Dodging
  3638 | D:5      | Found a snail-covered altar of Cheibriados.
  3665 | D:5      | Reached XP level 7. HP: 52/62 MP: 6/6
  3914 | D:5      | Found a broken altar of Ashenzari.
  4046 | D:5      | Found a hazy altar of Hepliaklqana.
  4074 | D:6      | Found a stormy altar of Qazlal.
  4343 | D:6      | Noticed a wyvern
  4350 | D:6      | Killed a wyvern
  4351 | D:6      | Reached skill level 6 in Axes
  4351 | D:6      | Reached skill level 1 in Throwing
  4395 | D:6      | Found a staircase to the Ecumenical Temple.
  4406 | Temple   | Entered the Ecumenical Temple
  4576 | Temple   | Became a worshipper of Warmaster Okawaru
  4848 | D:6      | Reached XP level 8. HP: 70/70 MP: 7/7
  4864 | D:6      | Reached skill level 1 in Invocations
  4953 | D:6      | Reached skill level 1 in Stealth
  5318 | D:7      | Noticed Maggie
  5329 | D:7      | Reached skill level 7 in Axes
  5330 | D:7      | Reached * piety under Okawaru
  5334 | D:7      | Killed Maggie
  5541 | D:7      | Reached XP level 9. HP: 74/78 MP: 8/10
  5579 | D:7      | Noticed Grum
  5584 | D:7      | Found a transporter.
  5584 | D:7      | Identified the ring "Duatexisch" {rPois rC+}
  5587 | D:7      | Noticed Smersh616's ghost (journeyman OpVM)
  5592 | D:7      | Found a transporter.
  5594 | D:7      | Identified the +9 trident "Haawkuor" {chaos, Will+ Str+5
                  | Dex-3 Stlth+}
  5594 | D:7      | Identified the +1 ring mail of the Oily Bull {Fly Will+
                  | Stlth-}
  5862 | D:8      | Noticed Joseph
  5873 | D:8      | Killed Joseph
  5874 | D:8      | Reached skill level 8 in Axes
  5874 | D:8      | Reached skill level 5 in Shields
  6123 | D:8      | Reached ** piety under Okawaru
  6422 | D:8      | Found a runed translucent gate.
  6422 | D:8      | Found a runed translucent gate.
  6422 | D:8      | Found a runed translucent gate.
  6422 | D:8      | Noticed CougarLife's ghost (novice MfSu)
  6425 | D:8      | Found a basalt altar of Yredelemnul.
  6459 | D:8      | Reached skill level 5 in Evocations
  6462 | D:8      | Reached skill level 9 in Axes
  6595 | D:8      | Noticed Maurice
  6602 | D:8      | Killed Maurice
  6602 | D:8      | Reached *** piety under Okawaru
  6603 | D:8      | Reached XP level 10. HP: 86/86 MP: 12/12
  6702 | D:8      | Identified the +0 robe of Untold Secrets {rElec rPois Str-4
                  | Slay+5}
  6840 | D:8      | Found a glowing silver altar of Zin.
  7466 | D:9      | Found a flagged portal.
  7489 | Bailey   | Entered a bailey
  7496 | Bailey   | Received a gift from Okawaru
  7991 | Bailey   | Reached skill level 1 in Ranged Weapons
  8314 | Bailey   | Acquired a manual of Axes
  8496 | Bailey   | Noticed an orc knight
  8510 | Bailey   | Killed an orc knight
  8510 | Bailey   | Reached **** piety under Okawaru
  8511 | Bailey   | Reached skill level 5 in Invocations
  8743 | Bailey   | Reached skill level 10 in Axes
  8798 | Bailey   | Found an iron altar of Okawaru.
  8800 | Bailey   | Noticed a soul eater
  8807 | Bailey   | HP: 4/80 [soul eater[a kobold demonologist] (3)]
  8807 | Bailey   | Slain by a hellwing

Illustrated notes

Levels and vault maps discovered:
D:1:      wander_arrival_chamber, layout_basic,
          hellmonk_ecumenical_altar_run_dry
D:2:      layout_loops_ring, kennysheep_path_1, lightli_corner_chamber,
          uniq_sigmund
D:3:      layout_basic, hangedman_ru_absence, minmay_lizard_king
D:4:      layout_rooms
D:5:      layout_gridville, mainiacjoe_overflow_catwalk,
          mainiacjoe_overflow_tiny_flanked, lemuel_tele_altar,
          nicolae_overflow_hidden_temple
D:6:      old_forge, layout_basic, amcnicky_altar_gilded,
          minmay_temple_entry_wispy
D:7:      layout_rooms, gammafunk_ghost_gnarly_gnolls, uniq_maggie
D:8:      layout_basic, nicolae_yredelemnul_ghost_church, zin_academy,
          minmay_misc_feat_tiny, uniq_maurice, uniq_joseph
D:9:      layout_irregular_city, enter_bailey_5
Temple:   minmay_temple_bridge_abc
Bailey:   bailey_axe_of_yendor_kennysheep, bailey

Skill      XL: |  1  2  3  4  5  6  7  8  9 10 |
---------------+-------------------------------+-----
Fighting       | 4 5 6 7 |  7.5
Shields        | 4 5 |  5.3
Axes           | 4 5 6 7 9 10 | 10.0
Armour         | 4 5 6 7 8 |  8.1
Evocations     | 1 3 4 5 |  5.8
Dodging        | 1 2 3 4 |  4.1
Throwing       | 1 2 |  2.9
Invocations    | 2 4 5 |  5.2
Stealth        | 1 2 |  2.7
Ranged Weapons | 2 |  2.1
Maces & Flails | |  0.4

Action                   |  1- 3 |  4- 6 |  7- 9 | 10-12 || total
-------------------------+-------+-------+-------+-------++-------
Melee: War axe           |    53 |    11 |       |       ||    64
       Headbutt          |     6 |     3 |    22 |    11 ||    42
       Flail             |       |    40 |       |       ||    40
       Hand axe          |       |    36 |   131 |    67 ||   234
 Fire: Sling             |       |       |     1 |    15 ||    16
Throw: Boomerang         |     6 |     1 |     4 |     5 ||    16
       Dart              |       |     1 |     5 |     2 ||     8
       Javelin           |       |       |     5 |       ||     5
Invok: Heroism           |       |       |       |     1 ||     1
  Use: Scroll            |     2 |     7 |     2 |     5 ||    16
       Potion            |     1 |     3 |     3 |       ||     7
 Stab: Distracted        |       |       |     1 |     2 ||     3
Armor: Scale mail        |    29 |    46 |    10 |       ||    85
       Ring mail         |       |       |    33 |    18 ||    51
Dodge: Dodged            |    37 |    50 |    46 |    26 ||   159
Block: Buckler           |    17 |    18 |    16 |     9 ||    60
